 Dungeon Sprint DCSS version 0.18-a0-1088-g34ef3a2 (webtiles) character file.

87 ahoge the Shield-Bearer (level 4, -5/32 HPs)
             Began as a Gargoyle Fighter on Jan 15, 2016.
             Was a Follower of Okawaru.
             Killed by divine providence
             ... invoked by an orc priest
              (13 damage)
             ... in the Dungeon (Sprint IX: "|||||||||||||||||||||||||||||").
             The game lasted 00:02:02 (161 turns).

ahoge the Shield-Bearer (Gargoyle Fighter)           Turns: 161, Time: 00:02:02

Health: -5/32      AC: 24    Str: 20    XL:     4   Next: 51%
Magic:  2/4        EV: 12    Int: 11    God:    Okawaru [*.....]
Gold:   0          SH:  0    Dex: 10    Spells: 0 memorised, 3 levels left

rFire  . . .     SeeInvis .     q - +2 dire flail (protect)
rCold  . . .     Gourm    .     t - +1 chain mail
rNeg   + . .     Faith    .     (shield currently unavailable)
rPois  ∞         Spirit   .     (no helmet)
rElec  +         Dismiss  .     (no cloak)
rCorr  .         Reflect  .     s - +0 pair of gloves
SustAt .         Harm     .     r - +0 pair of boots
MR     .....     NoTele   +     (no amulet)
Stlth  ..........               v - +2 ring of evasion
                                u - +3 ring of intelligence

@: heroism, not resistant to hostile enchantments, extremely unstealthy
A: negative energy resistance 1, electricity resistance, unbreathing,
petrification resistance, rot immunity, AC +3
a: Heroism, Renounce Religion


You were in the Dungeon.
You worshipped Okawaru.
Okawaru was aware of your devotion.
You were not hungry.

You visited 1 branch

Inventory:

Hand Weapons
 a - a +0 flail
 q - a +2 dire flail of protection (weapon)
Armour
 b - a +0 scale mail
 c - a +0 shield
 r - a +0 pair of boots (worn)
 s - a +0 pair of gloves (worn)
 t - a +1 chain mail (worn)
Jewellery
 u - a +3 ring of intelligence (left hand)
 v - a +2 ring of evasion (right hand)
Wands
 p - a wand of draining (7/15)
Scrolls
 k - 2 scrolls of blinking
 n - 3 scrolls of remove curse
 o - 2 scrolls of amnesia
Potions
 d - a potion of might
 e - 5 potions of curing
 h - a potion of haste
 i - 4 potions of magic
 j - a potion of berserk rage
 m - a potion of invisibility
Comestibles
 f - a bread ration
 l - 7 chunks of flesh


   Skills:
 + Level 5.6(10.6) Fighting
 + Level 3.2(8.2) Maces & Flails
 + Level 5.5(10.5) Armour
 + Level 1.9(6.9) Dodging
 + Level 6.1(11.1) Shields


You had 3 spell levels left.
You didn't know any spells.

Dungeon Overview and Level Annotations

Branches:
Dungeon (1/1)

Altars:
Cheibriados
Dithmenos
Elyvilon
Fedhas
Gozag
Kikubaaqudgha
Makhleb
Nemelex Xobeh
Okawaru
Pakellas
Qazlal
Ru
Sif Muna
Trog
Vehumet
Xom
Yredelemnul
Zin
The Shining One
Beogh
Jiyva
Lugonu


Innate Abilities, Weirdness & Mutations

You are resistant to torment.
Your stone body is resilient (AC +3).
You are immune to poison.
You resist negative energy.
You are resistant to electric shocks.
You can survive without breathing.
You are immune to petrification.
You are immune to rotting.


Message History

You closely miss the crimson imp.
The killer bee stings you but does no damage.
The killer bee closely misses you.
The crimson imp grinds its teeth.
The crimson imp barely misses you.
Okay, then.
You miss the crimson imp.
The killer bee stings you but does no damage. x2
The crimson imp blinks!
Your chain mail prevents you from hitting the killer bee.
The killer bee stings you but does no damage.
The orc priest mumbles some strange prayers to Beogh against you.
Something smites you!
* * * LOW HITPOINT WARNING * * *
The killer bee barely misses you.
You are too injured to fight recklessly!
You miss the killer bee. The killer bee barely misses you.
The orc priest calls down the wrath of Beogh upon you.
Something smites you!
You die...

▓.▓
▓|▓
▓5▓
▓.▓
▓.▓
▓.▓
▓.▓
▓§▓
▓@▓
▓y▓
▓S▓
▓o▓
▓y▓
▓.▓
▓.▓
▓+▓


You could see a wasp, a killer bee, an orc priest, a crimson imp and an adder.

Vanquished Creatures
  A centaur (D)
  2 giant geckos (D)
  A bat (D)
  A bat skeleton (D)
  A giant cockroach (D)
  A ball python (D)
  A giant newt (D)
  3 kobolds (D)
11 creatures vanquished.

Notes
Turn   | Place    | Note
--------------------------------------------------------------
     0 | D        | ahoge the Gargoyle Fighter began the quest for the Orb.
     0 | D        | Reached XP level 1. HP: 14/14 MP: 1/1
    26 | D        | Reached skill level 4 in Fighting
    42 | D        | Reached XP level 2. HP: 17/20 MP: 2/2
    74 | D        | Found a glowing silver altar of Zin.
    74 | D        | Found a glowing golden altar of the Shining One.
    74 | D        | Found an ancient bone altar of Kikubaaqudgha.
    74 | D        | Found a basalt altar of Yredelemnul.
    74 | D        | Found a shimmering altar of Xom.
    74 | D        | Found a radiant altar of Vehumet.
    75 | D        | Found an iron altar of Okawaru.
    76 | D        | Found a burning altar of Makhleb.
    77 | D        | Found a deep blue altar of Sif Muna.
    78 | D        | Found a bloodstained altar of Trog.
    79 | D        | Found a sparkling altar of Nemelex Xobeh.
    80 | D        | Found a white marble altar of Elyvilon.
    81 | D        | Found a roughly hewn altar of Beogh.
    82 | D        | Found a viscous altar of Jiyva.
    83 | D        | Became a worshipper of Warmaster Okawaru
    84 | D        | Found a corrupted altar of Lugonu.
    85 | D        | Found a blossoming altar of Fedhas.
    86 | D        | Found a snail-covered altar of Cheibriados.
    87 | D        | Found a shadowy altar of Dithmenos.
    88 | D        | Found a stormy altar of Qazlal.
    89 | D        | Found an opulent altar of Gozag.
    90 | D        | Found a sacrificial altar of Ru.
    91 | D        | Found an oddly glowing altar of Pakellas.
   147 | D        | Noticed a centaur
   147 | D        | Noticed a crimson imp
   147 | D        | Noticed a killer bee
   147 | D        | Noticed a wasp
   151 | D        | Killed a centaur
   151 | D        | Reached * piety under Okawaru
   151 | D        | Reached skill level 5 in Fighting
   151 | D        | Reached skill level 5 in Armour
   151 | D        | Reached skill level 1 in Dodging
   151 | D        | Reached skill level 6 in Shields
   151 | D        | Reached XP level 3. HP: 13/27 MP: 3/3
   151 | D        | Reached XP level 4. HP: 15/32 MP: 4/4
   151 | D        | HP: 1/32 [orc priest/divine providence (14)]
   161 | D        | Killed from afar by an orc priest

Vault maps used:
D:        linesprint

Action                   |  1- 3 |  4- 6 || total
-------------------------+-------+-------++-------
Melee: Flail             |    45 |       ||    45
       Dire flail        |     2 |     7 ||     9
Invok: Heroism           |       |     1 ||     1
  Use: Potion            |     1 |     2 ||     3
